 Dungeon Crawl Stone Soup version 0.20-a0-9-g62d82d9 (webtiles) character file.

3509 dobroeutro the Shield-Bearer (level 9, -7/82 HPs)
             Began as a Deep Dwarf Fighter on Nov 1, 2016.
             Was a Believer of Makhleb.
             Mangled by an orc
             ... wielding the +9 hand axe of the Hills {chop, rC+}
              (13 damage)
             ... on level 8 of the Dungeon.
             The game lasted 00:15:56 (6400 turns).

dobroeutro the Shield-Bearer (Deep Dwarf Fighter)   Turns: 6400, Time: 00:15:57

Health: -7/82      AC:  6    Str: 27    XL:     9   Next: 81%
Magic:  9/9        EV: 13    Int:  8    God:    Makhleb [**....]
Gold:   227        SH: 11    Dex: 10    Spells: 0 memorised, 8 levels left

rFire  . . .     SeeInvis +     F - +6 trident "Kutirruk" {freeze, rC+ Str+3}
rCold  + . .     Gourm    .     M - +1 leather armour "Waicliwu" {*Slow rN++}
rNeg   + + .     Faith    .     c - +0 shield
rPois  .         Spirit   .     p - +0 helmet
rElec  .         Reflect  .     (no cloak)
rCorr  .         Harm     .     j - +0 pair of gloves
MR     +....     Rnd*Rage +     (no boots)
Stlth  +.........               g - amulet of magic regeneration
                                (no ring)
                                q - ring of see invisible

@: non-regenerating
A: damage resistance, recharge devices, berserk 1, clumsy 1, deformed body,
sense surroundings 2, slow regeneration 3, evolution 1
a: Device Recharging, Minor Destruction, Renounce Religion


You were on level 8 of the Dungeon.
You worshipped Makhleb.
Makhleb was pleased with you.
You were not hungry.

You visited 2 branches of the dungeon, and saw 9 of its levels.
You also visited: Sewer.

You collected 430 gold pieces.
You spent 203 gold pieces at shops.

Inventory:

Hand Weapons
 a - a +0 war axe
 F - the +6 trident "Kutirruk" (weapon) {freeze, rC+ Str+3}
   (You took it off an orc on level 4 of the Dungeon)

   It has been specially enchanted to freeze those struck by it, causing extra
   injury to most foes and up to half again as much damage against particularly
   susceptible opponents.
   It can also slow down cold-blooded creatures.
   It affects your strength (+3).
   It protects you from cold.
Armour
 b - a +0 scale mail
 c - a +0 shield (worn)
 j - a +0 pair of gloves (worn)
 p - a +0 helmet (worn)
 M - the +1 leather armour "Waicliwu" (worn) {*Slow rN++}
   (You bought it in a shop on level 6 of the Dungeon)

   It greatly protects you from negative energy.
   It may slow you when you take damage.
Jewellery
 g - an amulet of magic regeneration (around neck)
 q - a ring of see invisible (left hand)
Wands
 e - a wand of heal wounds (0/9)
 G - a wand of acid (3/15)
Scrolls
 k - 2 scrolls of magic mapping
 l - 2 scrolls of amnesia
 r - 6 scrolls of remove curse
 u - 2 scrolls of immolation {unknown}
 x - a scroll of fear {unknown}
 y - 2 scrolls of enchant armour {unknown}
 z - a scroll of blinking {unknown}
 D - 6 scrolls of teleportation
 E - a scroll of fog {unknown}
 J - 3 scrolls of enchant weapon {unknown}
Potions
 d - 2 potions of might
 h - 2 potions of flight
 n - a potion of ambrosia {unknown}
 o - a potion of brilliance {unknown}
 s - 3 potions of invisibility
 t - 2 potions of degeneration
 w - 4 potions of agility
 A - 4 potions of curing
 B - 2 potions of heal wounds
 C - a potion of haste
 H - a potion of cure mutation
Books
 I - a book of Power

   Spells                             Type                      Level
   a - Fulminant Prism                Conjuration/Hexes            4
   b - Iskenderun's Mystic Blast      Conjuration                  4
   c - Venom Bolt                     Conjuration/Poison           5
   d - Bolt of Magma                  Conjuration/Fire/Earth       5
   e - Iron Shot                      Conjuration/Earth            6
   f - Orb of Destruction             Conjuration                  7
   g - Spellforged Servitor           Conjuration/Summoning        7
Comestibles
 f - 3 bread rations
 i - 3 slices of pizza
 m - 5 beef jerkies
 v - 4 meat rations
 K - 2 fruits
 L - a royal jelly


   Skills:
 + Level 6.2 Fighting
 + Level 7.3 Axes
 + Level 7.5 Armour
 + Level 6.8 Dodging
 + Level 7.7 Shields


You had 8 spell levels left.
You didn't know any spells.

Dungeon Overview and Level Annotations

Branches:
Dungeon (8/15)             Temple (1/1) D:5
   Lair: D:8-11

Altars:
Ashenzari
Cheibriados
Dithmenos
Elyvilon
Fedhas
Gozag
Hepliaklqana
Kikubaaqudgha
Makhleb
Nemelex Xobeh
Okawaru
Qazlal
Ru
Sif Muna
Trog
Uskayaw
Vehumet
Xom
Zin

Shops:
D:6 [


Innate Abilities, Weirdness & Mutations

You are resistant to damage.
You can recharge devices by infusing magical energy.
You passively map the area around you.
You do not regenerate.
You tend to lose your temper in combat.
You are clumsy. (Dex -2)
Armour fits poorly on your strangely shaped body.
You evolve.


Message History

You are too injured to fight recklessly!
You are too injured to fight recklessly!
Attack whom?
Press: ? - help, Dir - move target cursor, f - you
Okay, then.
An orc and an orc priest come into view.
The orc shouts!
The orc priest shouts!
The orc shouts!
The orc throws a tomahawk.
You block the tomahawk.
The orc hits you with a steaming hand axe {chop}!
* * * LOW HITPOINT WARNING * * *
You see here a tomahawk.
Attack whom?
Press: ? - help, Dir - move target cursor, f - orc
Aim: an orc, wielding a steaming hand axe {chop} and wearing a leather armour You hit the orc.
You freeze the orc.
The orc is almost dead.
The orc throws a tomahawk.
You block the tomahawk.
The orc hits you with a steaming hand axe {chop}!
You die...

, ......### #.. ........
.# , .. ...#..#####[###
*#. ,...o.o........,
.###.####..#.........# *
.............o.......#
.....................#
#.)...).......o#...#
.##..#.#####.##.@#)#
.............##..#(#*
###..#.#.##.<##..#(######
#..#.#.##..##((.>.....#
#. #.#.#........(######
#. #.#.#######.### .,
....# #.# ## #.... * #$#
###.#* #.#


You could see an orc priest and 3 orcs.

Vanquished Creatures
  The ghost of Raws the Bolt Thrower, an amateur HuHu (D:4)
  Prince Ribbit (D:6)
  A hippogriff (D:8)
  Menkaure (D:5)
  Duvessa (D:7)
  A hornet zombie (D:8)
  2 sky beasts (D:5)
  2 ice beasts
  An orc warrior (D:7)
  2 ogres (D:6)
  2 centaurs
  6 bullfrogs
  Dowan (D:7)
  2 scorpions
  6 wights
  2 howler monkeys (D:7)
  A bullfrog zombie (D:5)
  4 crimson imps
  A jelly (D:5)
  3 hounds
  An orc priest (D:7)
  4 iguanas
  2 orc wizards (D:7)
  Natasha (D:2)
  4 worker ants
  A hound zombie (D:8)
  A hound skeleton (D:4)
  A howler monkey zombie (D:8)
  A worker ant zombie (D:6)
  Robin (D:2)
  3 gnolls (D:4)
  3 river rats (Sewer)
  7 adders
  2 shadow imps
  2 oozes
  4 worms
  2 dart slugs
  13 leopard geckos
  30 orcs
  4 ball pythons (Sewer)
  11 giant cockroaches
  13 goblins
  15 hobgoblins
  6 jackals
  2 quokkas
  5 bats
  12 frilled lizards
  A jackal skeleton (D:4)
  A jackal zombie (D:7)
  5 kobolds
  A leopard gecko skeleton (D:6)
  A leopard gecko zombie (D:5)
  A quokka skeleton (D:8)
  10 rats
212 creatures vanquished.

Notes
Turn   | Place    | Note
-------+----------+-------------------------------------------
     0 | D:1      | dobroeutro the Deep Dwarf Fighter began the quest for the Orb.
     0 | D:1      | Reached XP level 1. HP: 20/20 MP: 1/1
    72 | D:1      | Reached XP level 2. HP: 27/27 MP: 2/2
   123 | D:1      | Reached skill level 1 in Dodging
   336 | D:1      | Reached XP level 3. HP: 20/34 MP: 3/3
   591 | D:2      | Noticed Robin
   703 | D:2      | Killed Robin
   763 | D:2      | Reached XP level 4. HP: 14/42 MP: 4/4
  1150 | D:2      | Noticed Natasha
  1164 | D:2      | Killed Natasha
  1612 | D:3      | Reached XP level 5. HP: 19/49 MP: 5/5
  2052 | D:4      | Found a glowing drain.
  2061 | Sewer    | Entered a sewer
  2321 | Sewer    | Reached XP level 6. HP: 50/56 MP: 6/6
  2494 | D:4      | Got a shimmering trident {freeze}
  2495 | D:4      | Identified the +6 trident "Kutirruk" {freeze, rC+ Str+3} (You took it off an orc on level 4 of the Dungeon)
  2634 | D:4      | Noticed Raws's ghost (amateur HuHu)
  2643 | D:4      | Killed Raws's ghost
  2643 | D:4      | Reached XP level 7. HP: 28/63 MP: 7/7
  2646 | D:4      | Reached skill level 5 in Shields
  2690 | D:4      | Found a radiant altar of Vehumet.
  3029 | D:5      | Entered Level 5 of the Dungeon
  3139 | D:5      | Reached skill level 5 in Armour
  3187 | D:5      | Found a staircase to the Ecumenical Temple.
  3195 | Temple   | Entered the Ecumenical Temple
  3288 | Temple   | Became a worshipper of Makhleb the Destroyer
  3614 | D:5      | Reached skill level 5 in Axes
  3614 | D:5      | Reached XP level 8. HP: 28/73 MP: 8/8
  3878 | D:5      | Gained mutation: You evolve. [mutagenic meat]
  3879 | D:5      | Gained mutation: Armour fits poorly on your strangely shaped body. [mutagenic meat]
  3880 | D:5      | Gained mutation: You are clumsy. (Dex -2) [mutagenic meat]
  3881 | D:5      | Gained mutation: You tend to lose your temper in combat. [mutagenic meat]
  3882 | D:5      | Gained mutation: You expend magic power (3 MP) to strengthen your wands. [mutagenic meat]
  3977 | D:6      | Noticed Prince Ribbit
  4040 | D:6      | Noticed Menkaure
  4047 | D:5      | Killed Menkaure
  4047 | D:5      | Reached skill level 5 in Dodging
  4048 | D:5      | Reached * piety under Makhleb
  4144 | D:6      | Reached skill level 5 in Fighting
  4371 | D:6      | Lost mutation: You expend magic power (3 MP) to strengthen your wands. [evolution]
  4606 | D:6      | Killed Prince Ribbit
  4675 | D:6      | Found Fetiaph's Antique Armour Shoppe.
  4686 | D:6      | Bought a steaming leather armour for 203 gold pieces
  4696 | D:6      | Identified the +1 leather armour "Waicliwu" {*Slow rN++} (You bought it in a shop on level 6 of the Dungeon)
  4787 | D:7      | Gained mutation: You passively map the area around you. [Deep Dwarf growth]
  4787 | D:7      | Reached XP level 9. HP: 55/81 MP: 9/9
  5329 | D:7      | Reached ** piety under Makhleb
  5372 | D:7      | Noticed Dowan
  5373 | D:7      | Noticed Duvessa
  5388 | D:7      | Killed Duvessa
  5390 | D:7      | Killed Dowan
  6116 | D:8      | HP: 3/82 [hornet zombie (11)]
  6400 | D:8      | Identified the +9 hand axe of the Hills {chop, rC+}
  6400 | D:8      | Mangled by an orc

Vault maps used:
D:1:      nicolae_arrival_washed_ashore
D:2:      uniq_robin, uniq_natasha
D:4:      vehumet_crystals, portal_sewer_entry_f, enter_ossuary_5, first_bread
D:5:      minmay_misc_feat_five
D:6:      serial_shops, kennysheep_little_box, kennysheep_cluttered_room,
          uniq_prince_ribbit1, uniq_menkaure
D:7:      uniq_duvessa
D:8:      kennysheep_decorative_pillar
Temple:   regret_index_temple_chain_breaker
Sewer:    sewer_co_cracked_pipes

Skill      XL: |  1  2  3  4  5  6  7  8  9 |
---------------+----------------------------+-----
Dodging        | 1 2 3 4 5 6 |  6.8
Fighting       | 3 4 5 6 |  6.2
Armour         | 4 5 6 7 |  7.5
Shields        | 4 5 6 7 |  7.7
Axes           | 3 4 5 6 7 |  7.3

Action                   |  1- 3 |  4- 6 |  7- 9 || total
-------------------------+-------+-------+-------++-------
Melee: War axe           |   114 |   264 |       ||   378
       Trident           |       |    24 |   304 ||   328
Evoke: Wand              |       |     3 |     9 ||    12
  Use: Scroll            |       |     2 |    13 ||    15
       Potion            |       |       |     1 ||     1
 Stab: Sleeping          |       |       |     2 ||     2
  Eat: Chunk             |       |     7 |    14 ||    21
       Bread ration      |       |       |     1 ||     1
Armor: Scale mail        |    50 |   113 |    30 ||   193
       Leather armour    |       |       |    20 ||    20
Dodge: Dodged            |    37 |   110 |    90 ||   237
Block: Shield            |    63 |   180 |   130 ||   373
